 Dungeon Crawl Stone Soup version 0.31-a0-1172-g9944ec47dd (webtiles) character file.

Game seed: 1234805798237863831

891 Elsrick the Ruffian (level 7, -3/54 HPs)
             Began as a Demonspawn Cinder Acolyte on Dec 11, 2023.
             Was a High Priest of Ignis.
             Killed by divine providence
             ... invoked by an orc priest
              (17 damage)
             ... on level 5 of the Dungeon.
             The game lasted 00:13:27 (5660 turns).

Elsrick the Ruffian (Demonspawn Cinder Acolyte)     Turns: 5660, Time: 00:13:28

Health: -3/54      AC: 13    Str: 17    XL:     7   Next: 77%
Magic:  8/8        EV: 10    Int: 14    God:    Ignis [*****.]
Gold:   291        SH:  0    Dex:  8    Spells: 8/8 levels left

rFire   + .          .
                       - Unarmed
rCold   . . .        (no shield)
rNeg    . . .        c - +0 scale mail
rPois   +            (no helmet)
rElec   .            (no cloak)
rCorr   .            (no gloves)
SInv    .            (no boots)
Will    .....        (no amulet) Stlth
                     h - +4 ring of protection
HPRegen 0.29/turn    n - ring of poison resistance
MPRegen 0.11/turn

%: no passive effects
@: no status effects
A: thin metallic scales 2, condensation shield, weakness stinger 2
a: Renounce Religion, Fiery Armour, Foxfire Swarm, Rising Flame


You were on level 5 of the Dungeon.
You worshipped Ignis.
Ignis was extremely pleased with you.
You visited 1 branch of the dungeon, and saw 5 of its levels.

You collected 291 gold pieces.

Inventory:

Missiles
 g - 3 datura-tipped darts
Armour
 a - a +0 robe
 c - a +0 scale mail (worn)
Jewellery
 h - a +4 ring of protection (left hand)
 n - a ring of poison resistance (right hand)
Wands
 e - a wand of polymorph (4)
 u - a wand of paralysis (13)
Scrolls
 d - a scroll of revelation {unknown}
 f - a scroll of fog {unknown}
 i - a scroll of poison
 k - a scroll of vulnerability {unknown}
 o - a scroll of noise {unknown}
 p - 2 scrolls of immolation {unknown}
 q - a scroll of identify
 s - a scroll of brand weapon {unknown}
Potions
 b - 2 potions of might
 j - a potion of magic {unknown}
 l - a potion of invisibility {unknown}
 r - a potion of degeneration {unknown}
 t - a potion of attraction {unknown}


   Skills:
 + Level 4.1 Fighting
 + Level 3.0 Armour
 + Level 2.5 Dodging
 + Level 1.2 Stealth
 + Level 0.8 Shields
 + Level 6.5 Unarmed Combat
 + Level 1.0 Spellcasting
 + Level 2.9 Fire Magic


You had 8 spell levels left.
You didn't know any spells.
Your spell library contained the following spells:

 Spells                   Type           Power      Damage    Failure   Level
 Scorch                   Fire           16%        2d5       36%         2


Dungeon Overview and Level Annotations

Branches:
Dungeon (5/15)             Temple (0/1) D:4

Altars:
Makhleb
Qazlal
Vehumet

Annotations:
D:5 Eustachio


Innate Abilities, Weirdness & Mutations

You are mostly covered in thin metallic scales. (AC +3)
A meltable shield of frost defends you. (SH +0)
You have a tail ending in a sharp stinger.


Message History

The jackal closely misses you.
The quasit disappears in a puff of smoke!
You punch the jackal!
You kill the jackal!
The orc priest begins to cast a cantrip, but forgets the words!
The jackal barely misses you. The jackal attacks as it pursues you!
The jackal bites you. The jackal attacks as it pursues you!
The jackal bites you but does no damage.
The jackal misses you. The jackal attacks as it pursues you!
The jackal bites you but does no damage.
The jackal bites you but does no damage.
You see here a +0 short sword.
The jackal barely misses you.
You punch the jackal!
You kill the jackal!
You barely miss the orc. You tail-slap the orc. Your punch misses the orc.
The orc is severely wounded.
The orc hits you with a +0 short sword.
You hit the orc.
You kill the orc!
The orc priest looks braver for a moment.
The rat bites you but does no damage.
An orc comes into view. It is wielding a +0 short sword.
You barely miss the rat.
The orc shouts!
You tail-slap the rat.
You kill the rat!
The rat's corpse disappears in a puff of smoke!
An orc comes into view. It is wielding a +0 short sword.
The orc priest invokes the aid of Beogh against you.
Beogh smites you!
* * * LOW HITPOINT WARNING * * *
The orc priest zaps a wand.
The puff of flame hits you but does no damage.
Your condensation shield dissipates!
The orc priest mumbles some strange prayers to Beogh against you.
Beogh smites you!
You die...

..........##
##..####............
..#........#
###..##............
..#.......##
##..#............
..##...####
###..o...........
..##....#
#####.##oo).........#
#.##....#
##........###.....####
####....####.........#
##....#
#.....##.........##
##...#
#.....#......@...#
#...##
#...............##
##....#
#..............##
#.....##
#............###
##......## #
#........#..## ##
#......... #
#......######
##.##......... #
#.....##
##..#..........
#....##
#.............. #
##...##
#..##...........


You could see an orc priest and 2 orcs.

Vanquished Creatures
  Sigmund (D:2)
  An ogre (D:3)
  A scorpion (D:5)
  A jelly (D:5)
  3 orc priests
  A hound (D:5)
  2 sleepcaps
  Terence (D:2)
  Jessica (D:2)
  An iguana (D:5)
  An orc wizard (D:4)
  Natasha (thrice) (D:3)
  Robin (D:3)
  A gnoll (D:5)
  10 adders
  2 worms
  4 dart slugs
  5 orcs
  3 endoplasms
  2 giant cockroaches (D:1)
  16 goblins
  8 hobgoblins
  5 jackals
  5 kobolds
  2 quokkas
  3 ball pythons
  8 bats
  5 frilled lizards
  5 rats
102 creatures vanquished.

Vanquished Creatures (others)
  An orc (D:4)
1 creature vanquished.

Grand Total: 103 creatures vanquished

Notes
Turn   | Place    | Note
-------+----------+-------------------------------------------
     0 | D:1      | Elsrick the Demonspawn Cinder Acolyte began the quest for
                  | the Orb.
     0 | D:1      | Reached XP level 1. HP: 18/18 MP: 2/2
    83 | D:1      | Gained mutation: You have a small tail. [demonic ancestry]
    83 | D:1      | Reached XP level 2. HP: 3/24 MP: 3/3
    86 | D:1      | Reached skill level 3 in Unarmed Combat
   680 | D:1      | Gained mutation: A meltable shield of frost defends you.
                  | (SH +0) [demonic ancestry]
   680 | D:1      | Reached XP level 3. HP: 29/29 MP: 4/4
   951 | D:2      | Noticed Sigmund
   965 | D:2      | Killed Sigmund
   966 | D:2      | Reached skill level 1 in Dodging
   966 | D:2      | Reached skill level 4 in Unarmed Combat
   966 | D:2      | Gained mutation: You have a tail ending in a sharp stinger.
                  | [demonic ancestry]
   966 | D:2      | Reached XP level 4. HP: 6/37 MP: 5/5
   966 | D:2      | Reached XP level 5. HP: 7/42 MP: 6/6
  1163 | D:2      | Noticed Jessica
  1170 | D:2      | Killed Jessica
  1214 | D:2      | Reached skill level 1 in Armour
  1562 | D:2      | Noticed Terence
  1583 | D:2      | Killed Terence
  1584 | D:2      | Gained mutation: You are partially covered in thin metallic
                  | scales. (AC +2) [demonic ancestry]
  1584 | D:2      | Reached XP level 6. HP: 45/48 MP: 7/7
  1766 | D:3      | Reached skill level 5 in Unarmed Combat
  2436 | D:3      | You fall into a shaft and drop 1 floor!
  2440 | D:4      | Found a stormy altar of Qazlal.
  2637 | D:3      | Noticed Robin
  2786 | D:3      | Killed Robin
  3159 | D:3      | Found a burning altar of Makhleb.
  3192 | D:3      | Noticed Natasha
  3196 | D:3      | Killed Natasha
  3197 | D:3      | Gained mutation: You are mostly covered in thin metallic
                  | scales. (AC +3) [demonic ancestry]
  3197 | D:3      | Reached XP level 7. HP: 54/54 MP: 8/8
  3699 | D:3      | Noticed Natasha
  3707 | D:3      | Killed Natasha
  4010 | D:3      | Noticed Natasha
  4017 | D:3      | Killed Natasha
  4126 | D:4      | Found a staircase to the Ecumenical Temple.
  4173 | D:4      | Reached skill level 1 in Stealth
  4502 | D:4      | Found a radiant altar of Vehumet.
  5245 | D:5      | Entered Level 5 of the Dungeon
  5257 | D:5      | Reached skill level 6 in Unarmed Combat
  5610 | D:5      | Noticed Eustachio
  5660 | D:5      | Killed from afar by an orc priest

Illustrated notes

Levels and vault maps discovered:
D:1:      dpeg_arrival_tiny_a, layout_loops_ring, grunt_decor_resistance
D:2:      layout_loops_cross, nicolae_underground_beach, uniq_sigmund,
          uniq_terence, uniq_jessica
D:3:      kennysheep_goblin_castle, layout_loops_corners,
          mainiacjoe_overflow_six_doors_small, kennysheep_crisscross,
          uniq_natasha
D:4:      layout_layer_cave, mainiacjoe_overflow_paths, grunt_qazlal_clouds,
          minmay_temple_entry_butterflies
D:5:      layout_cave_pods, uniq_eustachio

Skill      XL: |  1  2  3  4  5  6  7 |
---------------+----------------------+-----
Unarmed Combat | 3 4 5 6 |  6.5
Fighting       | 4 |  4.1
Dodging        | 1 2 |  2.5
Armour         | 1 2 3 |  3.0
Stealth        | 1 |  1.2
Shields        | |  0.8
Spellcasting   | |  1.0
Fire Magic     | |  2.9

Action                     |  1- 3 |  4- 6 |  7- 9 || total
---------------------------+-------+-------+-------++-------
  Melee: Unarmed           |    83 |   181 |   142 ||   406
         Tailslap          |     8 |    22 |    18 ||    48
         Punch             |     3 |     7 |       ||    10
    Use: Scroll            |       |       |     4 ||     4
 Armour: Robe              |    30 |       |       ||    30
         Scale mail        |    28 |   108 |   121 ||   257
  Dodge: Dodged            |    62 |    64 |    78 ||   204
  Block: Other             |       |    32 |    21 ||    53

Table legend: (Time is in decaauts)
 A = Elapsed time spent in this place.
 B = Non-inter-level travel time spent in this place.
 C = Inter-level travel time spent in this place.
 D = Time resting spent in this place.
 E = Time spent auto-exploring this place.
 F = Levels seen in this place.
 G = Mean time per level.
                   A        B        C        D        E       F      G
               +--------+--------+--------+--------+--------+-----+--------+
         Total |   5621 |   5055 |    566 |   1062 |   3015 |   5 | 1124.2 |
       Dungeon |   5621 |   5055 |    566 |   1062 |   3015 |   5 | 1124.2 |
               +--------+--------+--------+--------+--------+-----+--------+

Top non-repeatable levels by time:
     D:3: 2277 daAuts
     D:4: 1211 daAuts
     D:1: 944 daAuts
     D:2: 781 daAuts
     D:5: 406 daAuts
